 Dungeon Crawl Stone Soup version 0.22.1-6-g1668fe2 (webtiles) character file.

130 Gingerlord the Skirmisher (level 4, -4/40 HPs)
             Began as a Draconian Skald on Jan 26, 2019.
             Slain by an orc wizard
             ... wielding a +0 dagger
              (5 damage)
             ... on level 2 of the Dungeon.
             The game lasted 00:03:47 (2054 turns).

Gingerlord the Skirmisher (Draconian Skald)         Turns: 2054, Time: 00:03:48

Health: -4/40      AC:  6    Str: 14    XL:     4   Next: 90%
Magic:  7/7        EV: 13    Int: 15    God:
Gold:   78         SH:  0    Dex: 11    Spells: 6/7 levels left

rFire    . . .     SeeInvis .   a - +0 falchion
rCold    . . .     Gourm    .   (no shield)
rNeg     . . .     Faith    .   (armour unavailable)
rPois    .         Spirit   .   (helmet restricted)
rElec    .         Reflect  .   f - scarf {repulsion}
rCorr    .         Harm     .   l - +0 pair of gloves (curse)
MR       .....                  (no boots)
Stlth    +.........             (no amulet)
HPRegen  0.13/turn              g - +2 ring of intelligence
MPRegen  0.10/turn              (no ring)

@: flying, repel missiles
A: unfitting armour, cold-blooded, AC +5
a: no special abilities


You were on level 2 of the Dungeon.
You were not hungry.

You visited 1 branch of the dungeon, and saw 4 of its levels.

You collected 78 gold pieces.

Inventory:

Hand Weapons
 a - a +0 falchion (weapon)
Armour
 f - a scarf of repulsion (worn)
 l - a cursed +0 pair of gloves (worn)
Jewellery
 g - a +2 ring of intelligence (left hand)
Scrolls
 b - 3 scrolls of remove curse {unknown}
 d - 3 scrolls of identify {unknown}
 h - a scroll of fog {unknown}
 i - a scroll of amnesia {unknown}
 j - 2 scrolls of teleportation {unknown}
Comestibles
 c - 5 rations


   Skills:
 + Level 3.6 Fighting
 + Level 3.3 Long Blades
 + Level 3.3 Dodging
 - Level 2.0 Spellcasting
 - Level 2.6 Charms


You had 6 spell levels left.
You knew the following spells:

 Your Spells              Type           Power        Failure   Level  Hunger
a - Infusion              Chrm           #...         8%          1    #......

Your spell library contained the following spells:

 Spells                   Type           Power        Failure   Level  Hunger
 Song of Slaying          Chrm           #.......     11%         2    ###....
 Shroud of Golubria       Chrm/Tloc      #.........   19%         2    ###....
 Regeneration             Chrm/Necr      #.........   36%         3    ###....
 Spectral Weapon          Hex/Chrm       #.......     36%         3    ###....


Dungeon Overview and Level Annotations

Branches:
Dungeon (4/15)
 Temple: D:4-7

Altars:


Innate Abilities, Weirdness & Mutations

Your plain brown scales are hard. (AC +5)
You cannot fit into any form of body armour.
You are cold-blooded and may be slowed by cold attacks.


Message History

* * * LOW HITPOINT WARNING * * *
It was a potion of cancellation.
You feel magically purged. Something hits you but does no damage.
You barely miss something.
You hear some strange, mumbled words.
A puff of flame appears from out of thin air!
The puff of flame is repelled.
You miss something. You tail-slap something.
You hear some strange, mumbled words.
A magic dart appears from out of thin air!
The magic dart hits you!
* * * LOW HITPOINT WARNING * * *
It was a potion of flight.
You feel very buoyant.
You fly up into the air.
Something hits you but does no damage.
You barely miss something. Something barely misses you.
You hit something. Something hits you.
* * * LOW HITPOINT WARNING * * *
You barely miss something. Something hits you.
You die...

....##.#...###.#
##).#..###.#...#
..)##.(..#.#.###
#รท#...)...##.#
#..#....##.#.#
##.###..#..#.#
.....#.##....#
####..#....#######
...........#....@#
.###.###.#.#.###{#
.#........(#.# #.#
.#.#.#####)#.# #.#
...#.........# #.#
####.#####.###
#>#### .....# #.#
#....# ####.# #.#
###.## .....# #.#
#...#


There were no monsters in sight!

Vanquished Creatures
  An orc wizard (D:3)
  3 adders
  An ooze (D:2)
  4 dart slugs
  4 orcs (D:3)
  A ball python (D:1)
  2 giant cockroaches (D:2)
  11 goblins
  8 hobgoblins
  A quokka (D:3)
  4 bats
  4 frilled lizards
  8 kobolds
  7 rats
59 creatures vanquished.

Notes
Turn   | Place    | Note
-------+----------+-------------------------------------------
     0 | D:1      | Gingerlord the Draconian Skald began the quest for the Orb.
     0 | D:1      | Reached XP level 1. HP: 17/17 MP: 3/3
   248 | D:1      | Reached XP level 2. HP: 23/25 MP: 5/5
  1078 | D:2      | Reached XP level 3. HP: 30/30 MP: 6/6
  1936 | D:3      | Reached XP level 4. HP: 29/38 MP: 7/7
  2053 | D:2      | HP: 1/40 [something (2)]
  2054 | D:2      | Slain by an orc wizard

Skill      XL: |  1  2  3 |
---------------+----------+-----
Fighting       | 3 |  3.6
Dodging        | 3 |  3.3
Long Blades    | 3 |  3.3
Spellcasting   | |  2.0
Charms         | |  2.6

Action                   |  1- 3 |  4- 6 || total
-------------------------+-------+-------++-------
Melee: Falchion          |   134 |    57 ||   191
       Tailslap          |    15 |     7 ||    22
  Use: Potion            |       |     4 ||     4
  Eat: Chunk             |     2 |     2 ||     4
Armor: Skin              |    58 |    28 ||    86
Dodge: Dodged            |    91 |    36 ||   127
       Deflected         |     1 |     1 ||     2
       Rpst.: Falchion   |    30 |    12 ||    42
